 Dungeon Crawl Stone Soup version 0.30-a0-292-g0f741e3f8e (webtiles) character file.

Game seed: 3547373473713526679

11 Flugkiller the Cutter (level 2, 0/22 HPs)
             Began as a Demonspawn Gladiator on Oct 17, 2022.
             Slain by a quokka (1 damage)
             ... on level 1 of the Dungeon.
             The game lasted 00:00:17 (167 turns).

Flugkiller the Cutter (Demonspawn Gladiator)         Turns: 167, Time: 00:00:18

Health: 0/22       AC:  4    Str: 14    XL:     2   Next: 17%
Magic:  2/2        EV: 12    Int:  9    God:
Gold:   7          SH:  0    Dex: 14    Spells: 1/1 levels left

rFire   . . .      SeeInvis .    a - +0 rapier
rCold   . . .      Faith    .    (no shield)
rNeg    . . .      Spirit   .    b - +0 leather armour
rPois   .          Reflect  .    c - +0 helmet
rElec   .          Harm     .    (no cloak)
rCorr   .          Rampage  .    (no gloves)
Will    .....                    (no boots)
Stlth   +.........               (no amulet)
HPRegen 0.23/turn                (no ring)
MPRegen 0.08/turn                (no ring)

@: no status effects
A: ignite blood 1
a: no special abilities


You were on level 1 of the Dungeon.
You visited 1 branch of the dungeon, and saw 1 of its levels.

You collected 7 gold pieces.

Inventory:

Hand Weapons
 a - a +0 rapier (weapon)
Missiles
 d - 3 throwing nets (quivered)
 e - a javelin
Armour
 b - a +0 leather armour (worn)
 c - a +0 helmet (worn)
Scrolls
 g - a scroll of magic mapping {unknown}
Potions
 f - a potion of berserk rage {unknown}


   Skills:
 - Level 2.0 Fighting
 + Level 3.3 Short Blades
 - Level 1.7 Throwing
 - Level 2.6 Dodging


You had one spell level left.
You didn't know any spells.
Your spell library was empty.

Dungeon Overview and Level Annotations

Branches:
Dungeon (1/15) Zot: 5827

Altars:


Innate Abilities, Weirdness & Mutations

Your demonic aura sometimes causes spilled blood to erupt in flames.


Message History

You see here a scroll labelled KEMUED TESHE.
A dart slug comes into view.
You hit the dart slug.
The dart slug is heavily wounded.
The dart slug bites you but does no damage.
You puncture the dart slug!
You kill the dart slug!
Your Short Blades skill increases to level 3!
You see here a dart slug corpse.
The dart slug launches a dart at you. The slug dart misses you.
A quokka comes into view.
The dart slug launches a dart at you. The slug dart misses you.
You hit the dart slug.
The dart slug is lightly wounded.
You hit the dart slug.
The dart slug is moderately wounded.
The dart slug misses you.
There are monsters nearby!
There are monsters nearby!
You hit the dart slug.
The dart slug is almost dead.
The dart slug barely misses you.
You hit the dart slug.
You kill the dart slug!
You have reached level 2!
Your demonic ancestry asserts itself...
Your blood heats up.
The quokka barely misses you.
You barely miss the quokka. The quokka barely misses you.
You hit the quokka.
The quokka is heavily wounded.
The quokka twitches its whiskers.
The quokka bites you.
You hit the quokka.
The quokka is heavily wounded.
The quokka misses you. The quokka closely misses you.
You hit the quokka but do no damage.
The quokka is heavily wounded.
The quokka bites you.
You hit the quokka but do no damage.
The quokka is heavily wounded.
The quokka closely misses you.
You hit the quokka.
You kill the quokka!
No target in view!
You see here a dart slug corpse.
g - a scroll labelled KEMUED TESHE
Found an escape hatch in the floor.
You see here 4 stones.
Found 2 stones.
No target in view!
No target in view!
No target in view!
No target in view!
No target in view!
You see here 4 stones.
Found a stone staircase leading down.
A kobold comes into view.
It is wielding a +1 whip of electrocution.
Found a scroll labelled KEMUED TESHE.
Found a stone staircase leading down.
A kobold is nearby!
A dart slug comes into view.
The kobold shouts!
The kobold throws a stone.
The stone barely misses you.
A quokka comes into view.
The kobold hits you with a +1 whip of electrocution.
You see here a scroll labelled KEMUED TESHE.
You closely miss the kobold.
The kobold hits you with a +1 whip of electrocution.
You are electrocuted!
Ouch! That really hurt!
* * * LOW HITPOINT WARNING * * *
You are too injured to fight recklessly!
You are too injured to fight recklessly!
You are too injured to fight recklessly!
You are too injured to fight recklessly!
You are too injured to fight recklessly!
There are monsters nearby!
Unknown command.
Press: ? - help, v - describe, . - travel
Here: a kobold, wielding a +1 whip of electrocution and quivering stones The floor.
Unknown command.
You closely miss the kobold. The kobold barely misses you.
You barely miss the kobold. The kobold barely misses you.
The dart slug bites you but does no damage.
You hit the kobold.
The kobold is severely wounded.
The kobold closely misses you. The dart slug launches a dart at you.
The slug dart hits you.
* * * LOW HITPOINT WARNING * * *
The kobold closely misses you.
You hit the kobold.
You kill the kobold!
The quokka barely misses you. The quokka closely misses you.
The dart slug barely misses you.
You closely miss the quokka. The quokka bites you.
You die...

#. #.# .# #.## .. #...
###.##... #### .....
.....>. ..... .
....###.#..##>..#
......#...r.).?..#
#.#...# ##w@.....#
####.#...###........#
...........#...$..#.#
~........#.#......#
≈≈~.................#
≈≈~...(#.......#....#
≈≈~..#..............#
≈~~..#.#..............
.....#.#.#...###....#^#


You could see a dart slug and a quokka.

Vanquished Creatures
  2 dart slugs (D:1)
  3 ball pythons (D:1)
  A kobold (D:1)
  A quokka (D:1)
  A frilled lizard (D:1)
8 creatures vanquished.

Notes
Turn   | Place    | Note
-------+----------+-------------------------------------------
     0 | D:1      | Flugkiller the Demonspawn Gladiator began the quest for the
                  | Orb.
     0 | D:1      | Reached XP level 1. HP: 16/16 MP: 1/1
   118 | D:1      | Reached skill level 3 in Short Blades
   127 | D:1      | Gained mutation: Your demonic aura sometimes causes spilled
                  | blood to erupt in flames. [demonic ancestry]
   127 | D:1      | Reached XP level 2. HP: 22/22 MP: 2/2
   162 | D:1      | HP: 1/22 [kobold/+1 whip of electrocution (15)]
   167 | D:1      | Slain by a quokka

Illustrated notes

Levels and vault maps discovered:
D:1:      roderic_crossed_star, layout_basic,
          hellmonk_ecumenical_altar_arch_garden, minivault_14

Skill      XL: |  1 |
---------------+----+-----
Short Blades   | 3 |  3.3
Fighting       | |  2.0
Throwing       | |  1.7
Dodging        | |  2.6

Action                   || total
-------------------------++-------
Melee: Rapier            ||    43
Armor: Leather armour    ||    15
Dodge: Dodged            ||    29

Table legend: (Time is in decaauts)
 A = Elapsed time spent in this place.
 B = Non-inter-level travel time spent in this place.
 C = Inter-level travel time spent in this place.
 D = Time resting spent in this place.
 E = Time spent auto-exploring this place.
 F = Levels seen in this place.
 G = Mean time per level.
                   A        B        C        D        E       F      G
               +--------+--------+--------+--------+--------+-----+--------+
         Total |    171 |    171 |      0 |     34 |     59 |   1 |  171.0 |
       Dungeon |    171 |    171 |      0 |     34 |     59 |   1 |  171.0 |
               +--------+--------+--------+--------+--------+-----+--------+

Top non-repeatable levels by time:
     D:1: 171 daAuts
